 Dungeon Crawl Stone Soup version 0.18-a0-775-g4d9e04e (webtiles) character file.

872 Gorice the Digger (level 8, 0/46 HPs)
             Began as an Octopode Wanderer on Dec 13, 2015.
             Slain by a gnoll (8 damage)
             ... on level 5 of the Dungeon.
             The game lasted 00:33:20 (6810 turns).

Gorice the Digger (Octopode Wanderer)               Turns: 6810, Time: 00:33:20

Health: 0/46       AC:  1    Str:  9    XL:     8   Next: 4%
Magic:  4/16       EV: 11    Int: 20    God:
Gold:   331        SH:  0    Dex: 10    Spells: 4 memorised, 9 levels left

rFire  . . .     SeeInvis .     b - +0 hunting sling
rCold  + . .     Clarity  .     (no shield)
rNeg   . . .     SustAt   .     (helmet restricted)
rPois  .         Gourm    .     (no amulet)
rElec  .         Spirit   .     J - ring of protection from cold
rCorr  .         Dismiss  .     (no ring)
rMut   .         Stasis   .     (no ring)
MR     .....                    (no ring)
Stlth  ++++......               (no ring)
                                (no ring)
                                (no ring)
                                (no ring)

@: not resistant to hostile enchantments, stealthy
A: almost no armour, amphibious, 8 rings, constrict 8, camouflage 1, gelatinous
body 1
a: no special abilities


You were on level 5 of the Dungeon.
You were hungry.

You visited 1 branch of the dungeon, and saw 5 of its levels.
You also visited: Ossuary.

You collected 331 gold pieces.

Inventory:

Hand Weapons
 a - a +0 scimitar
 b - a +0 hunting sling (weapon)
 d - a +0 dagger
 t - a +3 short sword
 E - a +0 trident
Missiles
 h - 20 bolts
 j - 13 exploding sling bullets
 l - 75 sling bullets (quivered)
 w - 10 sling bullets of flame
 C - 4 silver tomahawks
 K - 9 tomahawks
 N - 19 poisoned needles
 Z - 57 stones
Jewellery
 e - an uncursed ring of teleportation
 D - an uncursed ring of fire
 J - a ring of protection from cold (left tentacle)
Wands
 r - a wand of flame (42)
 v - a wand of magic darts (36)
Scrolls
 k - 2 scrolls of teleportation {!r}
 s - 3 scrolls of recharging
 u - 7 scrolls of immolation {!r}
 x - 4 scrolls of remove curse
 y - 5 scrolls of amnesia
 B - a scroll of magic mapping {!r}
Potions
 i - a potion of haste {!q}
 m - a potion of flight
 o - 4 potions of curing
 p - a potion of brilliance {!q}
 z - 2 potions of agility {!q}
 A - a potion of lignification {!q}
 G - a potion of might {unknown}
 H - a potion of cancellation {unknown}
 L - a potion of poison {unknown}
 M - 2 potions of magic {unknown}
Books
 c - the Handbook of Attacks

   Spells                             Type                      Level
   a - Shock                          Conjuration/Air              1
   b - Stone Arrow                    Conjuration/Earth            3
 n - the Disquisition on the Mountains

   Spells                             Type                      Level
   a - Sandblast                      Earth                        1
   b - Passwall                       Transmutation/Earth          3
 F - a book of Beasts
Comestibles
 f - 6 bread rations {!e}
 I - 2 meat rations {!e}


   Skills:
 - Level 4.0 Stealth
 + Level 5.4 Spellcasting
 + Level 3.9 Conjurations
   Level 1.0 Charms
 + Level 1.9 Transmutations
 * Level 5.9 Earth Magic
 - Level 2.1 Evocations


You had 9 spell levels left.
You knew the following spells:

 Your Spells              Type           Power        Failure   Level  Hunger
a - Sandblast             Erth           ####..       1%          1    None
b - Stone Arrow           Conj/Erth      ####..       6%          3    ##.....
c - Passwall              Trmt/Erth      ###.......   10%         3    ##.....
B - Summon Butterflies    Summ           #.......     14%         1    None


Dungeon Overview and Level Annotations

Branches:
Dungeon (5/15)
 Temple: D:4-7

Altars:
Dithmenos
Nemelex Xobeh


Innate Abilities, Weirdness & Mutations

You cannot wear most types of armour.
You are amphibious.
You can wear up to eight rings at the same time.
You can use your tentacles to constrict eight enemies at once.
Your skin changes colour to match your surroundings (Stealth).
Your rubbery body absorbs attacks (AC +1).


Message History

The giant frog zombie hits you.
Damage: 2 (max 7)
Casting: Sandblast
Confirm with . or Enter, or press ? or * to list all spells.
Aiming: Sandblast
Press: ? - help, Shift-Dir - straight line, f/p - gnoll
Aim: a gnoll, wielding a club (almost dead)
The blast of sand hits the giant frog zombie.
The giant frog zombie closely misses you.
Casting: Sandblast
Confirm with . or Enter, or press ? or * to list all spells.
Aiming: Sandblast
Press: ? - help, Shift-Dir - straight line, f/p - gnoll
Aim: a gnoll, wielding a club (almost dead)
The blast of sand hits the giant frog zombie.
You destroy the giant frog zombie!
You have reached level 8!
Casting: Sandblast
Confirm with . or Enter, or press ? or * to list all spells.
Aiming: Sandblast
Press: ? - help, Shift-Dir - straight line, f/p - gnoll
Aim: a gnoll, wielding a club (almost dead)
The blast of sand hits the gnoll.
You kill the gnoll!
Casting: Sandblast
Confirm with . or Enter, or press ? or * to list all spells.
Aiming: Sandblast
Press: ? - help, Shift-Dir - straight line, f - gnoll
Aim: a gnoll The blast of sand hits the gnoll.
The gnoll is severely wounded.
The gnoll hits you!
Damage: 7 (max 7)
Casting: Sandblast
Confirm with . or Enter, or press ? or * to list all spells.
Aiming: Sandblast
Press: ? - help, Shift-Dir - straight line, f/p - gnoll
Aim: a gnoll (severely wounded)
The blast of sand hits the gnoll.
The gnoll is almost dead.
The gnoll hits you!
* * * LOW HITPOINT WARNING * * *
Damage: 9 (max 9)
Casting: Sandblast
Confirm with . or Enter, or press ? or * to list all spells.
Aiming: Sandblast
Press: ? - help, Shift-Dir - straight line, f/p - gnoll
Aim: a gnoll (almost dead)
The blast of sand misses the gnoll.
The gnoll hits you!
You die...

#############
............######
#.#######[.......#
#.#######.#.#.##@#
#.........#.##.#g#
#................#
#.#####..##.##...#
..# #.. #.#.#.(#
..# #>. ...##..#
..# #<. #.# #..#
..### #. #(.#
..... . ....


You could see a gnoll.

Vanquished Creatures
  A phantom (D:4)
  A centaur (D:5)
  A giant frog (D:5)
  A scorpion (D:4)
  A giant frog zombie (D:5)
  A centaur zombie (D:4)
  A jelly (D:5)
  A crimson imp (D:5)
  A giant frog skeleton (D:4)
  3 hounds (D:4)
  2 worker ants (D:4)
  3 big kobold zombies (Ossuary)
  2 mummies (Ossuary)
  4 gnolls
  7 adders
  2 oozes
  9 orcs
  12 goblins
  8 hobgoblins
  11 jackals
  4 ball pythons
  6 bats
  4 giant cockroaches
  2 giant geckos (D:4)
  A giant newt (D:1)
  A goblin zombie (Ossuary)
  9 hobgoblin zombies (Ossuary)
  A jackal skeleton (D:4)
  3 jackal zombies (Ossuary)
  6 kobolds
  9 kobold zombies (Ossuary)
  8 orc zombies (Ossuary)
  3 quokkas
  A quokka zombie (D:5)
  8 rats
  2 rat zombies (Ossuary)
  2 fungi (D:2)
142 creatures vanquished.

Notes
Turn   | Place    | Note
--------------------------------------------------------------
     0 | D:1      | Gorice the Octopode Wanderer began the quest for the Orb.
     0 | D:1      | Gorice set off with: a wand of flame (15), the Disquisition on the Mountains, the Handbook of Attacks, a +0 dagger, a bread ration {!e}
     0 | D:1      | Reached XP level 1. HP: 11/11 MP: 5/5
     0 | D:1      | Identified the Disquisition on the Mountains
     0 | D:1      | Identified the Handbook of Attacks
     2 | D:1      | Learned a level 1 spell: Sandblast
   276 | D:1      | Reached XP level 2. HP: 12/17 MP: 2/7
   509 | D:1      | Reached skill level 2 in Earth Magic
  1028 | D:1      | Reached XP level 3. HP: 21/21 MP: 6/8
  1269 | D:2      | Reached skill level 1 in Stealth
  1808 | D:2      | Reached skill level 3 in Earth Magic
  1827 | D:2      | Reached XP level 4. HP: 25/27 MP: 3/10
  2239 | D:3      | HP: 8/27 [poisoned by an adder]
  2245 | D:3      | HP: 7/27 [poisoned by an adder]
  2253 | D:3      | HP: 5/27 [poisoned by an adder]
  2770 | D:2      | Learned a level 3 spell: Stone Arrow
  2828 | D:3      | Found a faded altar to an unknown god.
  3027 | D:3      | Reached skill level 2 in Stealth
  3127 | D:3      | HP: 8/27 [poisoned by an adder]
  3134 | D:3      | HP: 7/27 [poisoned by an adder]
  3142 | D:3      | HP: 6/27 [poisoned by an adder]
  3214 | D:3      | Reached XP level 5. HP: 13/31 MP: 7/11
  3221 | D:3      | Found a shadowy altar of Dithmenos.
  3771 | D:4      | Reached skill level 4 in Earth Magic
  3771 | D:4      | Reached XP level 6. HP: 11/36 MP: 7/13
  4081 | D:4      | Reached skill level 3 in Stealth
  4370 | D:4      | HP: 2/36 [scorpion (9)]
  4733 | D:4      | Found a sparkling altar of Nemelex Xobeh.
  4748 | D:4      | HP: 10/36 [centaur zombie (6)]
  4750 | D:4      | Reached skill level 3 in Conjurations
  4769 | D:4      | HP: 5/36 [orc/tomahawk (5)]
  5063 | D:4      | Reached skill level 5 in Spellcasting
  5084 | D:4      | Reached XP level 7. HP: 14/41 MP: 0/14
  5396 | D:4      | Reached skill level 5 in Earth Magic
  5626 | D:4      | Learned a level 1 spell: Summon Butterflies
  5630 | D:4      | Learned a level 3 spell: Passwall
  5631 | D:5      | Entered Level 5 of the Dungeon
  5641 | D:5      | Reached skill level 4 in Stealth
  5862 | D:5      | Reached skill level 1 in Transmutations
  6062 | D:5      | Found a sand-covered staircase.
  6082 | Ossuary  | Entered an ossuary
  6806 | D:5      | Reached XP level 8. HP: 23/46 MP: 8/16
  6809 | D:5      | HP: 8/46 [gnoll (9)]
  6810 | D:5      | Slain by a gnoll

Vault maps used:
D:1:      eino_arrival_water_cross
D:2:      minmay_gold_behind_fungi, kennysheep_potato
D:3:      nicolae_dithmenos_through_a_glass_darkly, ecumenical_altar_1,
          solitary_fountain, minmay_misc_feat_tower, serial_park_tiny_2
D:4:      nicolae_overflow_hidden_temple, first_bread
D:5:      nicolae_ossuary_entry_ruins
Ossuary:  ossuary_tomb_1

Action                   |  1- 3 |  4- 6 |  7- 9 || total
-------------------------+-------+-------+-------++-------
Melee: Dagger            |    32 |       |     1 ||    33
       Trident           |       |     5 |       ||     5
       Scimitar          |       |    29 |    38 ||    67
 Fire: Hunting sling     |       |    90 |    96 ||   186
Throw: Stone             |     1 |       |       ||     1
       Tomahawk          |       |     2 |       ||     2
 Cast: Sandblast         |    64 |    55 |    34 ||   153
       Stone Arrow       |       |     4 |     8 ||    12
Evoke: Wand              |       |     1 |       ||     1
  Use: Scroll            |     8 |     8 |     2 ||    18
       Potion            |       |     1 |       ||     1
 Stab: Sleeping          |     1 |     1 |     1 ||     3
  Eat: Chunk             |     3 |     9 |     4 ||    16
       Beef jerky        |       |       |     1 ||     1

Table legend:
 A = Turns spent in this place as a percentage of turns spent in the entire game.
 B = Non-inter-level travel turns spent in this place as a percentage of non-inter-level travel turns spent in the entire game.
 C = Inter-level travel turns spent in this place as a percentage of turns spent in this place.
 D = Turns resting spent in this place as a percentage of non-inter-level travel turns spent in this place.
 E = Turns spent auto-exploring this place as a percentage of non-inter-level travel turns spent in this place.
 F = Non-inter-level travel turns spent in this place divided by the number of levels of this place that you've seen.
                   A       B       C       D       E      F
               +-------+-------+-------+-------+-------+----------------------
         Total | 100.0 | 100.0 |   0.2 |   3.5 |   4.3 | 404.0
       Dungeon |  82.8 |  82.8 |   0.3 |   4.0 |   5.2 | 401.4
       Ossuary |  17.2 |  17.2 |   0.0 |   1.2 |   0.0 | 417.0
               +-------+-------+-------+-------+-------+----------------------

Vault maps used:
D:1:      eino_arrival_water_cross
D:2:      minmay_gold_behind_fungi, kennysheep_potato
D:3:      nicolae_dithmenos_through_a_glass_darkly, ecumenical_altar_1,
          solitary_fountain, minmay_misc_feat_tower, serial_park_tiny_2
D:4:      nicolae_overflow_hidden_temple, first_bread
D:5:      nicolae_ossuary_entry_ruins
Ossuary:  ossuary_tomb_1
